 Dungeon Crawl Stone Soup version 0.19.1 (webtiles) character file.

282343 Dfrag the Devastator (level 20, -14/182 HPs)
             Began as a Naga Conjurer on Nov 29, 2016.
             Was the Champion of Makhleb.
             Killed from afar by a deep elf mage (19 damage)
             ... with a bolt of lightning
             ... on level 3 of the Elven Halls.
             The game lasted 01:55:16 (45924 turns).

Dfrag the Devastator (Naga Conjurer)               Turns: 45924, Time: 01:55:17

Health: -14/182    AC: 17    Str:  5    XL:     20   Next: 53%
Magic:  2/58       EV:  6    Int: 30    God:    Makhleb [******]
Gold:   2173       SH: 13    Dex: 12    Spells: 7 memorised, 23 levels left

rFire  + . .     SeeInvis +     s - staff of energy
rCold  x . .     Gourm    .     H - +1 leather armour of the Gastropod {MP+9 Str-5 Int+7}
rNeg   . . .     Faith    .     J - +2 buckler
rPois  +         Spirit   .     w - +0 helmet of Foolhardiness {rPois MR++ rCorr Slay+2} (curse)
rElec  .         Reflect  +     A - +0 cloak
rCorr  +         Harm     .     (no gloves)
MR     ++++.                    b - +2 naga barding {Stlth+}
Stlth  ++++++....               N - brooch of Shielding {Reflect SH+8}
                                y - ring of fire
                                a - ring of magical power

@: heavily drained, very slow
A: see invisible, clumsy 1, deformed body, poison resistance, robust 1, slowness
2, slow metabolism 1, spit poison 1, constrict 1, sturdy frame 1, AC +6
a: Spit Poison, Minor Destruction, Lesser Servant of Makhleb, Major Destruction,
Greater Servant of Makhleb, Renounce Religion
}: 2/15 runes: decaying, serpentine


You were on level 3 of the Elven Halls.
You worshipped Makhleb.
Makhleb was exalted by your worship.
You were very hungry.

You visited 7 branches of the dungeon, and saw 35 of its levels.
You also visited: Labyrinth.

You collected 3163 gold pieces.
You spent 990 gold pieces at shops.

Inventory:

Armour
 b - a +2 naga barding of stealth (worn)
 w - the cursed +0 helmet of Foolhardiness (worn) {rPois MR++ rCorr Slay+2}
   (You found it on level 2 of the Elven Halls)

   It affects your accuracy and damage with ranged weapons and melee attacks
   (+2).
   It protects you from poison.
   It affects your resistance to hostile enchantments.
   It protects you from acid and corrosion.
   It has a curse placed upon it.
 A - a +0 cloak (worn)
 H - the +1 leather armour of the Gastropod (worn) {MP+9 Str-5 Int+7}
   (You found it on level 4 of the Dungeon)

   It affects your strength (-5).
   It affects your intelligence (+7).
   It affects your magic capacity (+9).
 J - a +2 buckler (worn)
 O - a +1 naga barding of cold resistance
 S - a +0 naga barding of fire resistance
Magical Staves
 s - an uncursed staff of energy (weapon)
 U - an uncursed staff of wizardry
Jewellery
 a - a ring of magical power (left hand)
 y - a ring of fire (right hand)
 N - the brooch of Shielding (around neck) {Reflect SH+8}
   (You bought it in a shop on level 5 of the Dungeon)

   [amulet of reflection]

   It shields you and reflects attacks.
   It affects your SH (+8).
 V - a +3 ring of protection
Wands
 j - a wand of heal wounds (0/9)
 u - a wand of iceblast (10/15)
 T - a wand of teleportation (1/9)
Scrolls
 i - 7 scrolls of amnesia
 r - 8 scrolls of enchant weapon
 x - 6 scrolls of teleportation
 z - 5 scrolls of immolation
 C - 7 scrolls of magic mapping
 D - 9 scrolls of enchant armour
 E - 8 scrolls of fear
 F - 2 scrolls of brand weapon
 G - 3 scrolls of blinking
 L - 11 scrolls of remove curse
 M - 5 scrolls of fog
 Q - 6 scrolls of recharging
 W - a scroll of holy word
 X - 2 scrolls of summoning
Potions
 d - 6 potions of lignification
 e - 4 potions of brilliance
 f - 2 potions of invisibility
 g - 11 potions of curing
 h - 6 potions of flight
 m - 3 potions of might
 n - 6 potions of haste
 q - 8 potions of heal wounds
 t - a potion of cure mutation
 B - 3 potions of ambrosia
 I - a potion of magic
 K - 7 potions of cancellation
 P - 2 potions of resistance
 Z - 3 potions of berserk rage
Books
 o - a book of Power

   Spells                             Type                      Level
   a - Fulminant Prism                Conjuration/Hexes            4
   b - Iskenderun's Mystic Blast      Conjuration                  4
   c - Venom Bolt                     Conjuration/Poison           5
   d - Bolt of Magma                  Conjuration/Fire/Earth       5
   e - Iron Shot                      Conjuration/Earth            6
   f - Orb of Destruction             Conjuration                  7
   g - Spellforged Servitor           Conjuration/Summoning        7
 Y - a book of Spatial Translocations

   Spells                             Type                      Level
   a - Blink                          Translocation                2
   b - Shroud of Golubria             Charms/Translocation         2
   c - Lesser Beckoning               Translocation                3
   d - Portal Projectile              Translocation                3
   e - Teleport Other                 Translocation                3
   f - Passage of Golubria            Translocation                4
Comestibles
 c - 19 bread rations
 l - 6 slices of pizza
 p - 17 meat rations
 v - 31 fruits
 R - a royal jelly


   Skills:
 + Level 7.5(6.2) Fighting
 - Level 1.5(0.5) Dodging
 - Level 14.1(12.6) Stealth
 + Level 16.1(14.5) Spellcasting
 - Level 19.2(17.5) Conjurations
 - Level 19.1(17.4) Fire Magic
 - Level 10.7(9.4) Invocations


You had 23 spell levels left.
You knew the following spells:

 Your Spells              Type           Power        Failure   Level  Hunger
a - Magic Dart            Conj           ####         0%          1    None
b - Searing Ray           Conj           ######       0%          2    None
c - Iskenderun's Battles  Conj/Chrm      ######..     3%          5    None
d - Sticky Flame          Conj/Fire      ########     1%          4    None
e - Fireball              Conj/Fire      ########..   1%          5    None
f - Iskenderun's Mystic   Conj           #######.     1%          4    None
g - Orb of Destruction    Conj           #######...   2%          7    None


Dungeon Overview and Level Annotations

Branches:
Dungeon (15/15)            Temple (1/1) D:5            Lair (6/6) D:9
  Swamp (4/4) Lair:2        Snake (4/4) Lair:4        Slime (0/5) Lair:5
    Orc (2/2) D:10            Elf (3/3) Orc:2        Vaults (0/5) D:14
 Depths (0/5) D:15

Altars:
Ashenzari
Cheibriados
Dithmenos
Elyvilon
Fedhas
Gozag
Kikubaaqudgha
Makhleb
Okawaru
Qazlal
Ru
Vehumet
Xom
Yredelemnul
Zin
The Shining One
Jiyva

Shops:
D:5 =:   D:7 *   D:11 *   D:15 }   Orc:2 :[!%   Elf:3 :

Portals:
Hell: Lair:6
Pandemonium: Orc:2


Innate Abilities, Weirdness & Mutations

You cannot wear boots.
Your serpentine skin is tough. (AC +6)
You have supernaturally acute eyesight. (SInv)
Armour fits poorly on your strangely shaped body.
Your system is resistant to poisons. (rPois)
You cover ground very slowly.
You have a slow metabolism.
You can spit poison.
You can use your snake-like lower body to constrict enemies.
You are clumsy. (Dex -2)
You are robust. (+10% HP)
Your movements are slightly less encumbered by armour. (ER -2)


Message History

You are feeling very hungry.
A deep elf mage comes into view. It is wielding a rapier.
The deep elf mage casts a spell at you. The bolt of lightning hits you!
* * * LOW HITPOINT WARNING * * *
The deep elf mage gestures wildly while chanting.
The deep elf mage blinks!
Okay, then.
Casting: Fireball
Confirm with . or Enter, or press ? or * to list all spells.
Aiming: Fireball
Press: ? - help, Shift-Dir - straight line, f - deep elf mage
Aim: a deep elf mage, wielding a rapier You feel a surge of power!
The fireball explodes!
The fireball engulfs the deep elf mage.
The deep elf mage is severely wounded.
The deep elf mage is engulfed in a cloud of scalding steam.
The deep elf mage gestures at you while chanting.
The bolt of lightning hits you!
You die...

+........)......).........
+.........................
###########''############### #
##≈≈≈≈≈≈≈≈≈≈..§§≈≈≈≈≈≈≈≈≈≈≈≈≈
#####≈≈≈≈≈≈≈≈≈≈≈..e§≈≈≈≈≈≈≈≈≈≈≈≈≈
≈≈≈≈≈≈≈..........................
≈≈≈≈≈........)..........^........
............[....................
........)..)....@................
###.#####.######)######...#######
#.# ##.## #.##<.##...##)<# #.#
##.####'##...#...#...# ###+#
##'#...+##..#.).#..### ....#
##......###(....###.##
∩...########............).......#
....'......'............8......##
...#########.........)...).....#


You could see a deep elf mage.

Vanquished Creatures
  Vashnia (Snake:2)
  Jorgrun (Swamp:4)
  A tentacled monstrosity (Swamp:4)
  2 deep elf blademasters
  Agnes (Snake:1)
  10 nagarajas
  2 deep elf sorcerers (Elf:2)
  Aizul (Snake:2)
  An orc warlord (Orc:2)
  A deep elf elementalist (Elf:1)
  A very ugly thing (Swamp:4)
  Azrael (Snake:2)
  2 deep elf demonologists
  A dire elephant (Lair:6)
  2 green deaths (Swamp:4)
  A deep elf death mage (Elf:3)
  Snorg (Lair:3)
  A minotaur (Lab)
  A deep elf high priest (Elf:3)
  8 vault guards
  22 hydras
  3 ghost crabs
  3 rakshasas (D:15)
  17 naga warriors
  Harold (D:10)
  An ice dragon (Lair:2)
  A ghost crab (shapeshifter) (Elf:2)
  3 centaur warriors
  13 anacondas
  6 alligators
  3 tengu warriors
  27 dancing weapons
  A thrashing horror (Swamp:4)
  3 orc high priests (Orc:2)
  4 shock serpents
  15 deep elf knights
  20 naga sharpshooters
  2 sun demons
  3 salamander mystics
  2 sixfirhies
  2 large abominations (Swamp:4)
  A spriggan druid (Swamp:4)
  A wizard (Lair:6)
  8 naga ritualists
  A glowing orange brain (D:15)
  8 orc knights
  A shambling mangrove (Swamp:3)
  Pikel (D:6)
  7 deep elf archers
  8 swamp dragons
  4 hill giants
  A lindwurm (Lair:6)
  52 deep elf magi
  6 orc sorcerers
  An oklob plant (Lair:5)
  11 mana vipers
  20 ugly things
  16 elephants
  A shining eye (shapeshifter) (Elf:2)
  8 salamanders
  A manticore (shapeshifter) (D:15)
  A cyclops (D:15)
  A manticore (D:13)
  A rust devil (Orc:2)
  A guardian serpent (shapeshifter) (D:15)
  Maurice (D:9)
  2 centaur zombies
  41 black mambas
  11 guardian serpents
  20 naga magi
  Psyche (D:11)
  3 gargoyles
  4 orange demons
  A smoke demon (Lair:6)
  A torpor snail (Lair:6)
  18 spiny frogs
  13 komodo dragons
  2 kobold demonologists
  An efreet (D:15)
  A tengu conjurer (D:15)
  2 rime drakes
  3 ice devils (Lair:6)
  5 red devils
  8 trolls
  10 hornets
  A wolf spider simulacrum (D:15)
  A polar bear (Lair:6)
  A hornet (shapeshifter) (D:13)
  4 two-headed ogres
  42 slime creatures
  8 tyrant leeches
  19 dream sheep
  7 blink frogs (Lair:5)
  8 bog bodies
  7 hippogriffs
  An air elemental (Elf:2)
  A centaur simulacrum (D:15)
  Sigmund (D:3)
  A water elemental (Elf:3)
  2 wyverns (Lair:6)
  3 wraiths
  9 spriggans
  A shadow (Swamp:4)
  Eustachio (D:4)
  3 basilisks
  25 yaks
  4 fire elementals
  3 hungry ghosts
  Grum (D:11)
  2 steam dragons
  6 wargs
  17 vampire mosquitoes
  A chaos spawn (Orc:2)
  9 insubstantial wisps
  A mottled dragon (D:15)
  24 swamp worms
  56 nagas
  4 hell hounds
  Duvessa (D:5)
  25 water moccasins
  5 porcupines
  A floating eye (shapeshifter) (D:15)
  42 orc warriors
  6 swamp drakes
  3 slaves (D:6)
  A black bear (shapeshifter) (Elf:3)
  2 black bears
  2 hornet zombies
  6 ice beasts
  5 sky beasts
  2 phantoms
  A small abomination (Swamp:4)
  14 ogres
  3 wolves (D:11)
  12 centaurs
  22 crocodiles
  2 big kobolds
  21 bullfrogs
  2 wyvern zombies
  An earth elemental (Elf:1)
  Dowan (D:5)
  4 scorpions
  9 killer bees
  A wight (D:10)
  4 electric eels
  8 crimson imps
  A bullfrog zombie (D:12)
  A howler monkey (D:12)
  2 jellies
  9 hounds
  3 quasits
  4 centaur skeletons
  4 bullfrog skeletons
  A gnoll shaman (D:5)
  24 orc priests
  20 orc wizards
  Jessica (D:3)
  3 iguanas
  12 worker ants
  A hound zombie (D:8)
  A worker ant zombie (D:6)
  19 adders
  5 gnolls
  6 shadow imps
  12 white imps (Lair:6)
  2 adder skeletons
  3 worms
  2 dart slugs (D:1)
  4 leopard geckos
  81 orcs
  5 bats
  6 giant cockroaches
  11 hobgoblins
  22 jackals
  6 quokkas
  5 ball pythons
  7 frilled lizards
  13 goblins
  22 kobolds
  A leopard gecko zombie (D:5)
  2 quokka skeletons
  12 rats
  2 fungi (Lair:6)
1316 creatures vanquished.

Vanquished Creatures (collateral kills)
  3 orc high priests (Orc:2)
  A gelid demonspawn (Orc:2)
  An orc knight (Orc:2)
  4 orc sorcerers (Orc:2)
9 creatures vanquished.

Vanquished Creatures (others)
  The ghost of buriedalive the Nimble, a journeyman HECj of Kikubaaqudgha (Lair:2)
  2 naga sharpshooters (Snake:4)
  2 mana vipers (Snake:4)
  A slime creature (Swamp:3)
  A slave (D:6)
  An ogre (D:6)
  An orc (D:6)
  3 fulminant prisms (Lair:2)
  8 fungi
  3 plants
23 creatures vanquished.

Grand Total: 1348 creatures vanquished

Notes
Turn   | Place    | Note
-------+----------+-------------------------------------------
     0 | D:1      | Dfrag the Naga Conjurer began the quest for the Orb.
     0 | D:1      | Reached XP level 1. HP: 15/15 MP: 3/3
    48 | D:1      | Reached XP level 2. HP: 12/22 MP: 0/5
    52 | D:1      | Learned a level 2 spell: Searing Ray
   309 | D:1      | Reached XP level 3. HP: 16/28 MP: 7/7
   851 | D:2      | Reached XP level 4. HP: 36/36 MP: 8/8
  1030 | D:2      | Found a faded altar of an unknown god.
  1054 | D:2      | Found an iron altar of Okawaru.
  1181 | D:3      | Reached skill level 5 in Conjurations
  1181 | D:3      | Reached XP level 5. HP: 2/42 MP: 4/10
  1326 | D:3      | Noticed Sigmund
  1443 | D:3      | Killed Sigmund
  1443 | D:3      | Reached XP level 6. HP: 43/49 MP: 4/13
  1512 | D:3      | Noticed Jessica
  1526 | D:3      | Killed Jessica
  1526 | D:3      | Reached skill level 5 in Spellcasting
  2292 | D:4      | Noticed an ice beast
  2301 | D:4      | Killed an ice beast
  2301 | D:4      | Reached XP level 7. HP: 55/55 MP: 5/15
  2405 | D:4      | Noticed Eustachio
  2452 | D:4      | Killed Eustachio
  2654 | D:4      | Found a shimmering altar of Xom.
  2654 | D:4      | Found a shadowy altar of Dithmenos.
  2797 | D:4      | Got a transparent leather armour
  2808 | D:4      | Identified the cursed +1 leather armour of the Gastropod {MP+9 Str-5 Int+7} (You found it on level 4 of the Dungeon)
  2851 | D:4      | Learned a level 5 spell: Iskenderun's Battlesphere
  3034 | D:4      | Reached XP level 8. HP: 54/62 MP: 18/18
  3049 | D:5      | Entered Level 5 of the Dungeon
  3619 | D:5      | Found Kengankynoc's Jewellery Shop.
  3689 | D:5      | Found Jepecwea's Book Emporium.
  3767 | D:5      | Found a staircase to the Ecumenical Temple.
  3810 | Temple   | Entered the Ecumenical Temple
  3820 | Temple   | Became a worshipper of Makhleb the Destroyer
  3868 | D:5      | Found a glowing golden altar of the Shining One.
  3908 | D:5      | Noticed Dowan
  3909 | D:5      | Noticed Duvessa
  3918 | D:5      | Killed Duvessa
  3924 | D:5      | Killed Dowan
  4026 | D:5      | Found a basalt altar of Yredelemnul.
  4032 | D:5      | Noticed an angel
  4119 | D:6      | Reached XP level 9. HP: 66/68 MP: 21/21
  4385 | D:6      | Gained mutation: You are robust. (+10% HP) [mutagenic meat]
  4386 | D:6      | Gained mutation: Your movements are slightly less encumbered by armour. (ER -2) [mutagenic meat]
  4387 | D:6      | Gained mutation: You are clumsy. (Dex -2) [mutagenic meat]
  4422 | D:6      | Noticed Pikel
  4533 | D:6      | Killed Pikel
  4539 | D:6      | Reached skill level 10 in Spellcasting
  4956 | D:6      | Got a sheer robe
  4966 | D:6      | Identified the +0 robe of Pusaek {+Inv Regen+ rCorr Str+4} (You found it on level 6 of the Dungeon)
  5032 | D:6      | Reached * piety under Makhleb
  5568 | D:7      | Found a blossoming altar of Fedhas.
  5615 | D:7      | Found Reemmace's Serpentskin Sales.
  5777 | D:7      | Reached XP level 10. HP: 82/82 MP: 24/24
  6137 | D:8      | Found a sacrificial altar of Ru.
  6390 | D:8      | Got a twisted leather armour
  6391 | D:8      | Identified the +2 leather armour of Sovereignty {Int+4 Dex+4} (You found it on level 8 of the Dungeon)
  6541 | D:8      | Identified Pifugg's Tome of Malediction and Aid
  6878 | D:8      | Found a snail-covered altar of Cheibriados.
  7212 | D:9      | Found a stormy altar of Qazlal.
  7219 | D:9      | Reached ** piety under Makhleb
  7254 | D:9      | Noticed Maurice
  7262 | D:9      | Reached skill level 10 in Conjurations
  7267 | D:9      | Killed Maurice
  7485 | D:9      | Reached XP level 11. HP: 68/89 MP: 14/27
  7503 | D:9      | Found a staircase to the Lair.
  8139 | D:10     | Entered Level 10 of the Dungeon
  8155 | D:10     | Noticed Harold
  8284 | D:10     | Noticed a hill giant
  8290 | D:10     | Killed a hill giant
  8463 | Lair:1   | Entered Level 1 of the Lair of Beasts
  9368 | Lair:1   | Reached *** piety under Makhleb
  9462 | Lair:2   | Noticed a seven-headed hydra
  9546 | Lair:2   | Reached skill level 10 in Stealth
  9563 | Lair:2   | Killed a seven-headed hydra
  9779 | Lair:2   | Noticed an ice dragon
  9854 | Lair:2   | Noticed buriedalive's ghost (journeyman HECj)
  9862 | Lair:2   | Learned a level 4 spell: Iskenderun's Mystic Blast
  9869 | Lair:2   | Killed buriedalive's ghost
 10061 | Lair:2   | Noticed an eight-headed hydra
 10068 | Lair:2   | Killed an eight-headed hydra
 10069 | Lair:2   | Noticed a seven-headed hydra
 10071 | Lair:2   | Killed a seven-headed hydra
 10071 | Lair:2   | Reached XP level 12. HP: 96/96 MP: 16/28
 10591 | D:5      | Bought a book of Flames for 385 gold pieces
 10596 | D:5      | Learned a level 4 spell: Sticky Flame
 10602 | D:5      | Learned a level 5 spell: Fireball
 10667 | D:10     | Killed Harold
 10779 | D:10     | Reached skill level 1 in Fire Magic
 10894 | D:10     | Noticed a centaur warrior
 10898 | D:10     | Killed a centaur warrior
 11251 | D:10     | Reached **** piety under Makhleb
 11639 | D:10     | Found a staircase to the Orcish Mines.
 11884 | D:11     | Noticed Grum
 11911 | D:11     | Killed Grum
 12008 | D:11     | Noticed Psyche
 12033 | D:11     | Killed Psyche
 12239 | D:11     | Reached skill level 5 in Fire Magic
 12344 | D:11     | Found Zuodonwu's General Store.
 12727 | D:11     | Gained mutation: You can use your snake-like lower body to constrict enemies. [Naga growth]
 12727 | D:11     | Reached XP level 13. HP: 103/103 MP: 14/29
 13623 | D:13     | Found a glowing silver altar of Zin.
 13647 | D:13     | Identified a scroll of acquirement
 13805 | D:13     | Reached ***** piety under Makhleb
 14726 | Lair:2   | Found a staircase to the Swamp.
 14828 | Lair:2   | Killed an ice dragon
 14970 | Lair:3   | Noticed Snorg
 14988 | Lair:3   | Killed Snorg
 15291 | Lair:3   | Reached skill level 1 in Fighting
 15489 | Lair:3   | Got an ancient robe
 16270 | Lair:4   | Found a staircase to the Snake Pit.
 17195 | Lair:4   | Reached XP level 14. HP: 100/126 MP: 17/30
 17474 | Lair:5   | Reached skill level 5 in Fighting
 17678 | Lair:5   | Reached skill level 10 in Fire Magic
 18074 | Lair:5   | Found a viscous altar of Jiyva.
 18075 | Lair:5   | Found a staircase to the Slime Pits.
 18503 | Lair:6   | Entered Level 6 of the Lair of Beasts
 18556 | Lair:6   | Found a labyrinth entrance.
 18656 | Lab      | Entered a labyrinth
 18951 | Lab      | Identified the cursed +0 robe "Jiciew" {Int+3} (You found it on level 3 of the Lair of Beasts)
 18961 | Lab      | Got a heavily jewelled robe
 18968 | Lab      | Identified the +2 robe of Ydiah {Int+3} (You found it in a labyrinth)
 19056 | Lair:6   | Reached ****** piety under Makhleb
 19322 | Lair:6   | Reached skill level 1 in Invocations
 19682 | Lair:6   | Noticed a dire elephant
 19702 | Lair:6   | Found a burning altar of Makhleb.
 19948 | Lair:6   | Learned a level 7 spell: Orb of Destruction
 20585 | Lair:6   | Reached skill level 5 in Invocations
 20598 | Lair:6   | Killed a dire elephant
 21343 | Lair:6   | Reached XP level 15. HP: 131/141 MP: 31/31
 21354 | Lair:6   | Found a gateway to Hell.
 21669 | Orc:1    | Entered Level 1 of the Orcish Mines
 22146 | Orc:1    | Found a radiant altar of Vehumet.
 22324 | Orc:2    | Entered Level 2 of the Orcish Mines
 22754 | Orc:2    | Found Calyucli's Food Shoppe.
 22781 | Orc:2    | Found Noimm's Distillery.
 22952 | Orc:2    | Bought a potion of heal wounds for 85 gold pieces
 23370 | Orc:2    | Found Rigag's Antique Armour Shop.
 23370 | Orc:2    | Found Isuesax's Book Boutique.
 23371 | Orc:2    | Found a one-way gate leading to the halls of Pandemonium.
 23555 | Orc:2    | Noticed an orc warlord
 23881 | Orc:2    | Killed an orc warlord
 24123 | Orc:2    | Found a staircase to the Elven Halls.
 24790 | Orc:2    | Bought a potion of magic for 136 gold pieces
 25202 | D:5      | Bought the brooch of Shielding {Reflect SH+8} for 384 gold pieces
 25619 | D:14     | Found a gate to the Vaults.
 25631 | D:14     | Reached skill level 10 in Invocations
 26681 | D:14     | Reached XP level 16. HP: 151/151 MP: 33/33
 26693 | D:15     | Entered Level 15 of the Dungeon
 26854 | D:15     | Got a bloodstained robe
 26866 | D:15     | Identified the +0 robe of Happy Babbling {Str+3} (You found it on level 15 of the Dungeon)
 27131 | D:15     | Found Otuschuo's Gadget Boutique.
 27869 | D:15     | Found a staircase to the Depths.
 28748 | Swamp:1  | Entered Level 1 of the Swamp
 29123 | Swamp:1  | Found an opulent altar of Gozag.
 29315 | Swamp:1  | Reached skill level 15 in Conjurations
 30736 | Swamp:2  | Reached skill level 15 in Spellcasting
 31550 | Swamp:3  | Paralysed by a hornet for 3 turns
 31981 | Swamp:4  | Entered Level 4 of the Swamp
 32207 | Swamp:4  | Reached XP level 17. HP: 158/158 MP: 33/36
 32237 | Swamp:4  | Noticed Jorgrun
 32243 | Swamp:4  | Killed Jorgrun
 32347 | Swamp:4  | Noticed a tentacled monstrosity
 33326 | Swamp:4  | Killed a tentacled monstrosity
 34635 | Swamp:4  | Got a decaying rune of Zot
 34872 | Snake:1  | Entered Level 1 of the Snake Pit
 34884 | Snake:1  | Noticed Agnes
 34889 | Snake:1  | Killed Agnes
 36020 | Snake:2  | Reached XP level 18. HP: 145/167 MP: 23/38
 36238 | Snake:2  | Noticed Aizul
 36243 | Snake:2  | Killed Aizul
 36453 | Snake:2  | Noticed Azrael
 36458 | Snake:2  | Killed Azrael
 36468 | Snake:2  | Noticed Vashnia
 36793 | Snake:2  | Killed Vashnia
 37889 | Snake:3  | Reached skill level 15 in Fire Magic
 38499 | Snake:4  | Entered Level 4 of the Snake Pit
 39461 | Snake:4  | Reached XP level 19. HP: 82/173 MP: 1/39
 41553 | Snake:4  | Got a serpentine rune of Zot
 42140 | Elf:1    | Entered Level 1 of the Elven Halls
 42572 | Elf:1    | Got a twisted glaive {drain}
 42745 | Elf:1    | Identified the Almanac of Calling
 42878 | Elf:1    | Found Zuoqil's Jewellery Shoppe.
 43129 | Elf:2    | Got a transparent helmet
 43135 | Elf:2    | Identified the cursed +0 helmet of Foolhardiness {rPois MR++ rCorr Slay+2} (You found it on level 2 of the Elven Halls)
 43183 | Elf:2    | Found a huge runed gate.
 43183 | Elf:2    | Found a huge runed gate.
 43183 | Elf:2    | Found a huge runed gate.
 43192 | Elf:2    | Found a huge runed gate.
 43199 | Elf:2    | Found a huge runed gate.
 44003 | Elf:2    | Reached XP level 20. HP: 182/182 MP: 40/40
 45255 | Elf:3    | Entered Level 3 of the Elven Halls
 45746 | Elf:3    | Found Tycycik's Book Shoppe.
 45921 | Elf:3    | HP: 4/182 [deep elf mage/bolt of lightning (40)]
 45924 | Elf:3    | Killed from afar by a deep elf mage

Skill      XL: |  1  2  3  4  5  6  7  8  9 10 11 12 13 14 15 16 17 18 19 20 |
---------------+-------------------------------------------------------------+-----
Spellcasting   | 3 4 5 6 8 10 12 13 15 16 | 16.1
Conjurations   | 5 6 7 9 10 11 13 14 15 16 17 18 19 | 19.2
Stealth        | 12 14 | 14.1
Fire Magic     | 5 9 12 13 16 18 19 | 19.1
Fighting       | 4 7 |  7.5
Invocations    | 6 10 | 10.7
Dodging        | |  1.5

Action                   |  1- 3 |  4- 6 |  7- 9 | 10-12 | 13-15 | 16-18 | 19-21 || total
-------------------------+-------+-------+-------+-------+-------+-------+-------++-------
Melee: Unarmed           |    12 |       |       |       |       |       |       ||    12
       Hand axe          |    10 |    83 |    38 |     1 |       |       |       ||   132
       Staff             |       |       |       |    64 |   205 |   121 |    70 ||   460
       Constrict         |       |       |       |       |    38 |    21 |    11 ||    70
 Cast: Magic Dart        |    40 |     1 |    57 |   194 |   258 |   145 |    84 ||   779
       Searing Ray       |     1 |    12 |    71 |   135 |    77 |    26 |    35 ||   357
       Iskenderun's Batt |       |       |       |    47 |    63 |    42 |    35 ||   187
       Iskenderun's Myst |       |       |       |     8 |     3 |    10 |     5 ||    26
       Sticky Flame      |       |       |       |    18 |   111 |    84 |    39 ||   252
       Fireball          |       |       |       |    12 |   230 |   452 |   212 ||   906
       Orb of Destructio |       |       |       |       |     4 |    15 |    13 ||    32
Invok: Greater Servant o |       |       |       |       |     2 |       |       ||     2
 Abil: Spit Poison       |    21 |     5 |    21 |    14 |     7 |     2 |     2 ||    72
Evoke: Wand              |       |       |       |       |     1 |     6 |     2 ||     9
  Use: Potion            |       |     1 |     1 |       |       |     4 |     1 ||     7
       Scroll            |       |       |     8 |     5 |    21 |    13 |     7 ||    54
 Stab: Sleeping          |       |     4 |     2 |       |     1 |       |       ||     7
       Distracted        |       |       |     1 |       |       |       |       ||     1
  Eat: Chunk             |       |     5 |    14 |    23 |    41 |    18 |     7 ||   108
       Royal jelly       |       |       |       |       |     1 |       |     1 ||     2
       Beef jerky        |       |       |       |       |       |     7 |     1 ||     8
       Fruit             |       |       |       |       |       |     2 |     1 ||     3
       Pizza             |       |       |       |       |       |       |     3 ||     3
Armor: Robe              |    12 |    31 |    14 |       |       |     1 |       ||    58
       Leather armour    |       |       |    53 |   158 |   260 |   161 |    93 ||   725
Dodge: Dodged            |    25 |    63 |    91 |   165 |   170 |    79 |    45 ||   638
Block: Buckler           |       |       |       |       |   140 |   253 |   168 ||   561
       Reflection        |       |       |       |       |     1 |    26 |    17 ||    44
